Map: Hard Lead LE

Players

Ttot

  • Race: Protoss Protoss
  • League: Diamond
  • Spawn Location: 5:00

SubN - Winner!

  • Race: Zerg Zerg
  • League: Diamond
  • Spawn Location: 11:00

VOD

Have the link to the VOD?

Description

Time

  • Played on: Nov. 17, 2023, 4:03 p.m.
  • Length: 3:50
Show
View Real Time Build Order
Export as new Build Order

Ttot Protoss 

Build Orders:  

Get SALT Encoding   

  12  0:00  Probe  
  13  0:12  Probe  
  14  0:21  Pylon  
  14  0:25  Probe  
  15  0:39  Probe (Chrono Boost)  
  16  0:45  Gateway  
  16  0:48  Probe (Chrono Boost)  
  16  0:49  Assimilator  
  17  0:53  Probe (Chrono Boost)  
  18  1:05  Probe  
  18  1:10  Assimilator  
  19  1:14  Pylon  
  19  1:17  Probe  
  20  1:29  Probe  
  21  1:35  Cybernetics Core  
  21  1:41  Probe  
  22  1:53  Probe  
  23  1:59  Nexus  
  23  2:05  Probe  
  24  2:17  Zealot  
  24  2:20  Stargate  
  26  2:27  Probe  
  27  2:40  Probe  
  27  2:43  Pylon  
  28  2:53  Probe, Twilight Council  
  29  3:04  Adept (Chrono Boost)  
  29  3:05  Probe  
  32  3:10  Gateway  
  32  3:15  Probe  
  32  3:17  Probe  
  32  3:20  Pylon  
  32  3:29  Gateway  
  32  3:32  Probe  
  35  3:37  Pylon  
Show
View Real Time Build Order
Export as new Build Order

SubN Zerg - Winner!

Build Orders: 3 Hatch before Pool 

Get SALT Encoding   

  12  0:00  Drone  
  13  0:10  Drone  
  14  0:33  Hatchery  
  13  0:38  Drone  
  14  1:02  Hatchery  
  13  1:06  Drone  
  14  1:11  Extractor  
  14  1:12  Drone  
  15  1:26  Spawning Pool  
  14  1:34  Overlord  
  14  1:42  Extractor  
  14  1:43  Drone  
  15  1:48  Drone x2  
  17  1:58  Overlord  
  17  2:14  Queen  
  19  2:16  Queen  
  19  2:19  Zergling x2  
  19  2:21  Zergling x2  
  23  2:24  Zergling x2  
  23  2:27  Zergling x2  
  25  2:30  Zergling x2  
  25  2:33  Zergling x2  
  25  2:36  Zergling x2  
  28  2:39  Zergling x2  
  28  2:41  Zergling x2  
  30  2:45  Zergling x2  
  30  2:49  Zergling x2  
  30  2:51  Zergling x2  
  33  2:54  Zergling x2  
  34  3:10  Zergling x10  
  37  3:21  Zergling x8  
  41  3:30  Zergling x2  
  41  3:32  Overlord  
Tags
 
Add a new tag
Caveats
  • Supply blocks, unpowered buildings, or Contaminate may cause inaccurate times.
  • Supply counts are checked every 10 seconds.